AoeStats
← jusart.92

Arena

510138904Analyzed
3v3 RM · 3d ago on Sep 29, 2026· 47m 58s· 6 players
Game mode
Random Map
Map size
Normal (6 player)
Population
200
Speed
Normal
Resources
Standard
Victory
Conquest
Starting age
Dark Age
Ending age
Imperial Age
RankedLock teamsTeams togetherTeam positionsShared explorationLock speedFull tech treeHidden civsTurbo modeCheats
Victory
Defeat
🇨🇳 Bulgarians · China
1224
+15
🇹🇼 Celts · Taiwan
1191
+17
🇲🇽 Danes · Mexico
1181
+17
🇳🇱 Goths · Netherlands
1308
-20
🇳🇱 Mongols · Netherlands
1264
-19
🇳🇱 Poles · Netherlands
1041
-15
板橋伐木工
0:32 Loom
11:19 Feudal Age
15:03 Castle Age
13:55 Double-Bit Axe
16:32 Bow Saw
22:51 Gambesons
23:26 Scale Mail Armor
24:36 Pikeman
27:03 Chain Mail Armor
30:35 Forging
32:10 Wheelbarrow
36:01 Iron Casting
38:59 Gold Mining
39:11 Fletching
39:22 Padded Archer Armor
39:54 Elite Skirmisher
45:20 Imperial Age
44:37 Bodkin Arrow
44:58 Leather Archer Armor
45:49 Ballistics
45:25 Halberdier
46:00 Capped Ram
49:07 Chemistry
546308830
10:00 Feudal Age
14:34 Castle Age
12:56 Double-Bit Axe
15:43 Bow Saw
21:32 Horse Collar
21:47 Gold Mining
22:17 Loom
23:18 Heavy Plow
27:00 Wheelbarrow
30:49 Imperial Age
28:49 Hand Cart
29:18 Scale Barding Armor
29:25 Forging
30:07 Chain Barding Armor
30:18 Squires
30:05 Gambesons
30:59 Iron Casting
31:16 Gold Shaft Mining
30:33 Arson
31:06 Bloodlines
30:57 Husbandry
32:24 Plate Barding Armor
31:34 Elite Konnik
33:27 Scale Mail Armor
33:26 Light Cavalry
35:13 Stone Mining
36:30 Blast Furnace
36:37 Masonry
37:35 Chemistry
36:53 Chain Mail Armor
36:29 Fletching
38:05 Stirrups
38:33 Conscription
41:51 Plate Mail Armor
43:15 Architecture
42:44 Murder Holes
42:57 Bagains
44:01 Padded Archer Armor
46:29 Bodkin Arrow
46:37 Hussar
47:10 Town Watch
jusart.92
9:42 Feudal Age
14:00 Castle Age
11:46 Loom
14:45 Double-Bit Axe
14:54 Gold Mining
23:33 Sanctity
23:23 Redemption
23:23 Fervor
25:41 Fervor
25:09 Hamask
30:57 Imperial Age
28:56 Forging
28:46 Scale Mail Armor
31:34 Bow Saw
32:02 Conscription
32:00 Block Printing
32:18 Illumination
33:25 Gold Shaft Mining
33:29 Wheelbarrow
32:39 Town Watch
34:17 Iron Casting
33:43 Scale Mail Armor
35:37 Hand Cart
35:23 Town Patrol
36:43 Blast Furnace
35:58 Chain Mail Armor
35:30 Gambesons
35:45 Squires
35:32 Arson
40:27 Elite Varangian Guard
44:44 Plate Mail Armor
44:14 Padded Archer Armor
44:05 Fletching
44:15 Elite Jomsviking
45:41 Elite Skirmisher
46:33 Bodkin Arrow
46:54 Leather Archer Armor
Cosmonaut
10:28 Feudal Age
10:32 Feudal Age
14:04 Castle Age
14:38 Double-Bit Axe
14:38 Horse Collar
15:35 Bow Saw
21:42 Bow Saw
22:53 Wheelbarrow
23:09 Fletching
23:15 Stone Mining
23:16 Gold Mining
24:05 Hand Cart
23:37 Loom
25:38 Bloodlines
25:29 Husbandry
26:17 Bodkin Arrow
27:24 Stone Shaft Mining
29:30 Imperial Age
27:44 Bodkin Arrow
28:18 Padded Archer Armor
29:06 Gold Shaft Mining
28:44 Heavy Plow
29:12 Thumb Ring
29:38 Ballistics
29:47 Thumb Ring
30:35 Elite Mangudai
32:21 Chemistry
31:22 Bracer
32:30 Stone Shaft Mining
34:42 Siege Engineers
35:00 Leather Archer Armor
35:12 Parthian Tactics
37:04 Light Cavalry
37:52 Scale Barding Armor
37:57 Forging
37:51 Hussar
39:53 Chain Barding Armor
44:11 Iron Casting
46:17 Blast Furnace
Koning Willie
9:56 Feudal Age
8:17 Loom
10:26 Double-Bit Axe
14:52 Castle Age
14:44 Loom
16:18 Forging
19:15 Husbandry
19:25 Bloodlines
20:00 Gold Mining
20:46 Scale Barding Armor
23:19 Bow Saw
23:04 Horse Collar
28:00 Chain Barding Armor
28:17 Iron Casting
28:44 Stone Mining
29:55 Szlachta Privileges
30:35 Stone Shaft Mining
30:59 Heavy Plow
36:49 Imperial Age
35:24 Light Cavalry
37:44 Cavalier
Mush
10:56 Feudal Age
15:08 Castle Age
12:58 Double-Bit Axe
12:56 Horse Collar
16:02 Pikeman
26:20 Loom
29:12 Wheelbarrow
30:48 Hand Cart
32:30 Bow Saw
32:22 Heavy Plow
34:08 Gold Mining
35:12 Squires
38:36 Imperial Age
36:34 Anarchy
36:48 Scale Mail Armor
36:58 Forging
38:16 Chain Mail Armor
39:19 Perfusion
41:37 Iron Casting
43:21 Halberdier
45:35 Blast Furnace
45:47 Capped Ram
49:34 Chemistry
Connection lost

Rejoining the realm…

Still unreachable

The connection could not be restored.

Session expired

The server has moved on; the page needs a fresh start.